 Dungeon Crawl Stone Soup version 0.27.0-1-g7a089689b8 (webtiles) character file.

Game seed: 15234811615958093951

20 Smaepdii the Skirmisher (level 2, 0/23 (24) HPs)
             Began as a Demonspawn Abyssal Knight on Aug 14, 2021.
             Was a Follower of Lugonu.
             Succumbed to an adder's poison
             ... on level 3 of the Dungeon.
             The game lasted 00:03:56 (1051 turns).

Smaepdii the Skirmisher (Demonspawn Abyssal Knight) Turns: 1051, Time: 00:03:57

HP:   0/23 (24)     AC: 11    Str: 12    XL:     2   Next: 58%
MP:   4/4           EV:  5    Int: 19    God:    Lugonu [*.....]
Gold: 96            SH:  0    Dex: 12    Spells: 1/1 levels left

rFire    . . .     SeeInvis .   a - +1 hand axe
rCold    . . .     Faith    .   (no shield)
rNeg     . . .     Spirit   .   b - +0 chain mail
rPois    .         Reflect  .   (helmet restricted)
rElec    .         Harm     .   (no cloak)
rCorr    .         Rampage  .   i - +2 pair of gloves
Will     .....                  (no boots)
Stlth    ..........             (no amulet)
HPRegen  0.07/turn              h - +6 ring of intelligence
MPRegen  0.09/turn              (no ring)

@: lethally poisoned (0 -> -5), lightly drained
A: antennae 1
a: Renounce Religion, Depart the Abyss


You were on level 3 of the Dungeon.
You worshipped Lugonu.
Lugonu was aware of your devotion.
You visited 1 branch of the dungeon, and saw 3 of its levels.
You visited the Abyss 1 time.

You collected 96 gold pieces.

Inventory:

Hand Weapons
 a - a +1 hand axe (weapon)
Armour
 b - a +0 chain mail (worn)
 i - a +2 pair of gloves (worn)
Jewellery
 h - a +6 ring of intelligence (left hand)
 m - a ring of ice
Scrolls
 e - 3 scrolls of teleportation {unknown}
 f - a scroll of noise {unknown}
 g - a scroll of blinking {unknown}
 k - a scroll of magic mapping {unknown}
Potions
 c - a potion of heal wounds {unknown}
 d - 2 potions of curing {unknown}
 j - a potion of brilliance {unknown}
 l - a potion of attraction {unknown}
 n - a potion of degeneration {unknown}


   Skills:
 + Level 3.1 Fighting
 * Level 2.2 Axes
 + Level 2.0 Armour
 + Level 1.1 Dodging
 + Level 2.8 Invocations


You had one spell level left.
You didn't know any spells.
Your spell library was empty.

Dungeon Overview and Level Annotations

Branches:
Dungeon (2/15)

Altars:

Annotations:
D:2 Sigmund


Innate Abilities, Weirdness & Mutations

You have a pair of small antennae on your head.


Message History

HP restored.
A necrophage comes into view.
A necrophage is nearby!
You aren't carrying any items that you can evoke.
You hit the necrophage but do no damage.
The necrophage hits you.
You hit the necrophage.
The necrophage is lightly damaged.
The necrophage hits you.
You closely miss the necrophage.
The necrophage is lightly damaged.
The necrophage hits you.
You hit the necrophage but do no damage.
The necrophage is lightly damaged.
The necrophage hits you.
You feel drained. The necrophage hits you.
* * * LOW HITPOINT WARNING * * *
A hobgoblin comes into view.
The hobgoblin moves out of view.
The hobgoblin hits you but does no damage.
The hobgoblin hits you but does no damage.
The hobgoblin closely misses you.
A kobold comes into view. It is wielding a +0 dagger.
The kobold shouts!
The kobold moves out of view.
The kobold hits you but does no damage. The kobold hits you but does no damage.
The kobold closely misses you. The kobold hits you but does no damage.
Found a scroll labelled LAUKHAOCRIN.
An adder comes into view.
The adder hisses angrily.
The adder bites you.
* * * LOW HITPOINT WARNING * * *
You are lethally poisoned!
The adder poisons you!
* * * LOW HITPOINT WARNING * * *
You feel sick. The hobgoblin barely misses you.
* * * LOW HITPOINT WARNING * * *
You feel sick. The adder bites you but does no damage.
You die...

.########.n.# .# ##.##
.#########.############.
......#.....n...#......#
............#.K.......#
........#..###........#
........#.## ##gS.....#
.......... #...?....#
.##.###... #.##@######
.# .# ###.>......# ... .
..##.##### .#.# #. ....#
. ....# #. ##..#


You could see a necrophage, an adder, a hobgoblin and a kobold.

Vanquished Creatures
  A ball python (D:1)
  3 bats
  2 endoplasms (D:1)
  A giant cockroach (D:1)
  3 goblins
  A hobgoblin (D:1)
  2 kobolds (D:1)
  2 frilled lizards
  2 rats
17 creatures vanquished.

Notes
Turn   | Place    | Note
-------+----------+-------------------------------------------
     0 | Abyss:1  | Smaepdii the Demonspawn Abyssal Knight began the quest for
                  | the Orb.
     0 | Abyss:1  | Reached XP level 1. HP: 18/18 MP: 2/2
    11 | D:1      | Escaped the Abyss
   349 | D:1      | Reached skill level 1 in Dodging
   523 | D:1      | Gained mutation: You have a pair of small antennae on your
                  | head. [demonic ancestry]
   523 | D:1      | Reached XP level 2. HP: 20/24 MP: 3/3
   820 | D:2      | Noticed Sigmund
   902 | D:2      | You fall into a shaft and drop 1 floor!
   938 | D:3      | Found a faded altar of an unknown god.
  1013 | D:3      | Noticed a necrophage
  1050 | D:3      | HP: 1/23 [poisoned by an adder]
  1051 | D:3      | Succumbed to an adder's poison

Illustrated notes

Levels and vault maps discovered:
D:1:      lemuel_arrival_rhombus, layout_rooms, chequers_serial_rivers_micro_a,
          minmay_misc_feat_ornament
D:2:      layout_basic, chequers_decorated_corner, uniq_sigmund
D:3:      layout_loops_cross, hellmonk_ecumenical_altar_run_dry

Skill      XL: |  1  2 |
---------------+-------+-----
Dodging        | 1 |  1.1
Axes           | 2 |  2.2
Armour         | 2 |  2.0
Fighting       | |  3.1
Invocations    | |  2.8

Action                   || total
-------------------------++-------
Melee: Hand axe          ||    48
Armor: Leather armour    ||    10
       Chain mail        ||    19
       Ring mail         ||     3
Dodge: Dodged            ||    20
